 Dungeon Crawl Stone Soup version 0.20-a0-472-g5c05303 (webtiles) character file.

333 shitimlost the Skirmisher (level 6, 0/52 HPs)
             Began as a Barachian Fighter on Jan 14, 2017.
             Succumbed to an adder's poison
             ... on level 3 of the Dungeon.
             The game lasted 00:12:47 (4076 turns).

shitimlost the Skirmisher (Barachian Fighter)       Turns: 4076, Time: 00:12:48

Health: 0/52       AC:  9    Str: 16    XL:     6   Next: 52%
Magic:  6/6        EV:  7    Int:  7    God:
Gold:   153        SH:  8    Dex: 10    Spells: 5/5 levels left

rFire  + . .     SeeInvis .     a - +1 long sword
rCold  . . .     Gourm    .     b - +0 scale mail
rNeg   + . .     Faith    .     c - +0 shield
rPois  .         Spirit   .     (no helmet)
rElec  .         Reflect  .     n - +0 cloak
rCorr  .         Harm     .     (no gloves)
MR     .....                    d - +0 pair of boots
Stlth  ..........               (no amulet)
                                s - ring of flight
                                e - ring of positive energy

@: lethally poisoned (0 -> -1), flying, slow
A: swims, fire resistance 1, slowness 1, strong legs 1
a: Hop


You were on level 3 of the Dungeon.
You were not hungry.

You visited 1 branch of the dungeon, and saw 4 of its levels.

You collected 153 gold pieces.

Inventory:

Hand Weapons
 a - a +1 long sword (weapon)
 l - a cursed -3 dagger
Missiles
 h - 64 sling bullets
Armour
 b - a +0 scale mail (worn)
 c - a +0 shield (worn)
 d - a +0 pair of boots (worn)
 g - a cursed +0 ring mail
 n - a +0 cloak (worn)
Magical Staves
 x - an uncursed staff of conjuration {unknown}
Jewellery
 e - a ring of positive energy (left hand)
 s - a ring of flight (right hand)
Scrolls
 m - a scroll of identify
 r - a scroll of recharging
 t - 2 scrolls of magic mapping
 v - 3 scrolls of blinking
Potions
 p - a potion of magic
Comestibles
 f - 3 bread rations
 i - a beef jerky
 j - 2 slices of pizza
 o - a chunk of flesh
 q - 2 meat rations
 u - 5 fruits
 w - a royal jelly


   Skills:
 + Level 5.7 Fighting
 + Level 4.9 Long Blades
 - Level 4.0 Armour
 - Level 3.3 Shields


You had 5 spell levels left.
You didn't know any spells.

Dungeon Overview and Level Annotations

Branches:
Dungeon (4/15)
 Temple: D:4-7

Altars:
Dithmenos
Elyvilon
Nemelex Xobeh
Ru
The Shining One


Innate Abilities, Weirdness & Mutations

You can swim through water.
You cover ground slowly.
You can hop short distances.
Your flesh is heat resistant. (rF+)


Message History

* * * LOW HITPOINT WARNING * * *
You feel sick.
* * * LOW HITPOINT WARNING * * *
You feel sick.
You hear the rapid rusting of a very distant drain.
* * * LOW HITPOINT WARNING * * *
You feel sick.
* * * LOW HITPOINT WARNING * * *
You feel sick.
* * * LOW HITPOINT WARNING * * *
You feel sick.
There is a stone staircase leading up here.
You fly upwards.
* * * LOW HITPOINT WARNING * * *
You feel sick.
There is a stone staircase leading down here.
* * * LOW HITPOINT WARNING * * *
You feel sick.
Okay, then.
You die...

#.........# #.##.<#........#
#.........###.###.#........#
#..........##.###....##.#####
#..................#.##.##...
#.........##.#####.........##
#.........##.# ###.........
#..........#.# ##........
##.......#...# #####...>
##.....>...@# ##...
####.......#### ###.
#..........#############
#####..###..............
##.###############.> #..##
###.# ##...# #####...# #..#.#
#.....### #.##.## ###.###


There were no monsters in sight!

Vanquished Creatures
  An ogre (D:3)
  An iguana (D:4)
  A worker ant (D:4)
  4 gnolls (D:2)
  6 adders
  2 oozes (D:1)
  A worm (D:2)
  8 dart slugs
  7 leopard geckos
  3 orcs (D:3)
  5 bats
  5 giant cockroaches
  8 goblins
  4 hobgoblins
  8 kobolds
  A quokka (D:4)
  7 frilled lizards
  10 rats
82 creatures vanquished.

Notes
Turn   | Place    | Note
-------+----------+-------------------------------------------
     0 | D:1      | shitimlost the Barachian Fighter began the quest for the Orb.
     0 | D:1      | Reached XP level 1. HP: 18/18 MP: 1/1
    72 | D:1      | Reached XP level 2. HP: 16/24 MP: 2/2
   297 | D:1      | Reached XP level 3. HP: 29/30 MP: 3/3
  1333 | D:2      | Found a faded altar of an unknown god.
  1390 | D:2      | Reached skill level 4 in Fighting
  1390 | D:2      | Reached XP level 4. HP: 33/37 MP: 4/4
  2076 | D:3      | Noticed an ogre
  2105 | D:3      | Killed an ogre
  2105 | D:3      | Reached XP level 5. HP: 24/43 MP: 5/5
  2544 | D:3      | Reached skill level 5 in Fighting
  2939 | D:2      | Gained mutation: Your flesh is heat resistant. (rF+) [potion of mutation]
  2939 | D:2      | Gained mutation: Scrolls take you a little longer to read. [potion of mutation]
  2939 | D:2      | Lost mutation: Scrolls take you a little longer to read. [potion of mutation]
  2962 | D:2      | Reached XP level 6. HP: 37/51 MP: 6/6
  3702 | D:4      | Found a sparkling altar of Nemelex Xobeh.
  3702 | D:4      | Found a glowing golden altar of the Shining One.
  3707 | D:4      | Found a white marble altar of Elyvilon.
  3709 | D:4      | Found a sacrificial altar of Ru.
  3711 | D:4      | Found a shadowy altar of Dithmenos.
  4066 | D:4      | HP: 2/52 [poisoned by an adder]
  4073 | D:3      | HP: 1/52 [poisoned by an adder]
  4076 | D:3      | Succumbed to an adder's poison

Vault maps used:
D:1:      dpeg_arrival_solitude, st_stairs_13
D:2:      chequers_ecumenical_altar_simple_redux, serial_bayou_crossing
D:4:      chequers_temple_overflow_minitemple, portal_sewer_entry_b,
          uniq_crazy_yiuf_cottage

Skill      XL: |  1  2  3  4  5 |
---------------+----------------+-----
Fighting       | 4 5 |  5.7
Long Blades    | 3 4 |  4.9
Armour         | 4 |  4.0
Shields        | |  3.3

Action                   |  1- 3 |  4- 6 || total
-------------------------+-------+-------++-------
Melee: Long sword        |   129 |   204 ||   333
Throw: Throwing net      |       |     3 ||     3
 Abil: Hop               |     1 |     4 ||     5
  Use: Scroll            |     1 |    12 ||    13
       Potion            |       |     5 ||     5
  Eat: Chunk             |     1 |     6 ||     7
       Meat ration       |       |     1 ||     1
Armor: Scale mail        |    62 |    97 ||   159
       Skin              |       |    68 ||    68
Dodge: Dodged            |    35 |    48 ||    83
Block: Shield            |    84 |   106 ||   190
       Rpst.: Long sword |    11 |    12 ||    23
